 Dungeon Crawl Stone Soup version 0.25-a0-517-gf8b3a32422 (webtiles) character file.

Game seed: 17192064417737417054, levelgen mode: classic

1146 EnegeticOcto the Chopper (level 8, 27/74 HPs)
             Began as a Deep Dwarf Fighter on Feb 17, 2020.
             Was a Follower of Makhleb.
             Quit the game on level 9 of the Dungeon.
             The game lasted 00:02:46 (2290 turns).

EnegeticOcto the Chopper (Deep Dwarf Fighter)       Turns: 2290, Time: 00:02:47

Health: 27/74      AC: 10    Str: 22    XL:     8   Next: 15%
Magic:  0/0        EV:  6    Int:  9    God:    Makhleb [*.....]
Gold:   205        SH: 10    Dex: 12    Spells: 7/7 levels left

rFire    . . .     SeeInvis .   a - +0 war axe
rCold    . . .     Gourm    .   c - +1 kite shield
rNeg     . . .     Faith    .   d - +0 chain mail
rPois    .         Spirit   .   l - +2 hat
rElec    .         Reflect  .   (no cloak)
rCorr    .         Harm     .   (no gloves)
MR       +....                  (no boots)
Stlth    ..........             b - amulet of the acrobat
HPRegen  0.00/turn              (no ring)
MPRegen  0.07/turn              (no ring)

@: mildly poisoned (27 -> 27), non-regenerating, heavily drained
A: damage resistance, heal wounds, sense surroundings 1, no regeneration
a: Heal Wounds, Renounce Religion


You were on level 9 of the Dungeon.
You worshipped Makhleb.
Makhleb was aware of your devotion.
You were not hungry.

You visited 2 branches of the dungeon, and saw 8 of its levels.
You also visited: Sewer.

You collected 205 gold pieces.

Inventory:

Hand Weapons
 a - a +0 war axe (weapon)
Armour
 c - a +1 kite shield (worn)
 d - a +0 chain mail (worn)
 l - a +2 hat (worn)
Jewellery
 b - an amulet of the acrobat (around neck)
Wands
 m - a wand of enslavement (10)
Scrolls
 f - 4 scrolls of identify {@r1}
 h - 4 scrolls of teleportation {@r2}
 i - a scroll of blinking {@r3}
 p - a scroll of enchant armour
Potions
 j - a potion of cancellation
 k - 2 potions of might {@q3}
 n - 3 potions of curing {@q1}
 o - 2 potions of brilliance
 q - a potion of heal wounds {@q2}
 r - a potion of resistance {unknown}
Comestibles
 e - 10 rations
 g - 4 chunks of flesh


   Skills:
 * Level 5.3(2.9) Fighting
 * Level 5.8(3.4) Axes
 + Level 4.9(2.5) Armour
 + Level 3.6(1.3) Dodging
 + Level 5.0(2.7) Shields
 + Level 3.0(0.8) Invocations


You had 7 spell levels left.
You didn't know any spells.
Your spell library was empty.

Dungeon Overview and Level Annotations

Branches:
Dungeon (6/15)             Temple (1/1) D:4           Sewer (visited)

Altars:
Ashenzari
Cheibriados
Dithmenos
Elyvilon
Fedhas
Gozag
Hepliaklqana
Kikubaaqudgha
Makhleb
Okawaru
Qazlal
Ru
Trog
Uskayaw
Vehumet
Xom
Yredelemnul

Annotations:
D:4 3 runed translucent doors, Yorgos's ghost, amateur GrFi
D:6 1 runed translucent door, Borgoz's ghost, novice GrGl


Innate Abilities, Weirdness & Mutations

You are resistant to damage.
You can heal yourself by infusing magical energy.
You passively map a small area around you.
You do not regenerate.


Message History

You miss the killer bee. x2; You hit the wight but do no damage. x2
You hit the killer bee. You closely miss the wight. You closely miss the troll.
The killer bee stings you.
You are poisoned.
The killer bee poisons you!
The killer bee stings you but does no damage.
You block the killer bee's attack. x2; The killer bee stings you.
The killer bee stings you but does no damage.
The wight hits you with a +5 dire flail!
The troll bites you!
The troll claws you. x2; You block the wight's attack.
The wight hits you but does no damage.
The wight hits you with a +0 hand axe of flaming.
You feel drained. The wight burns you.
The wight hits you with a +3 great sword!
* * * LOW HITPOINT WARNING * * *
You feel drained. The killer bee barely misses you.
You block the killer bee's attack. The killer bee closely misses you.
The wight hits you but does no damage.
The wight hits you with a +5 dire flail.
* * * LOW HITPOINT WARNING * * *
You feel drained. The troll bites you but does no damage.
The troll claws you but does no damage. x2
You are too injured to fight recklessly!
You are too injured to fight recklessly!
You are too injured to fight recklessly!
You are too injured to fight recklessly!
Your magical essence is drained by the effort!
You feel much better.
The killer bee stings you but does no damage. x2
The killer bee stings you. You block the wight's attack. x2
The killer bee stings you. You block the killer bee's attack.
The killer bee stings you but does no damage.
You block the wight's attack. The wight hits you but does no damage.
The troll barely misses you. The troll claws you.
The troll claws you but does no damage. The wight barely misses you.
Your magical essence is drained by the effort!
You feel much better. The killer bee stings you.
You block the killer bee's attack.
The killer bee stings you but does no damage.
You block the wight's attack. You block the killer bee's attack.
The killer bee stings you. The wight hits you with a +2 scimitar.
The killer bee stings you but does no damage.
The troll barely misses you. The troll claws you but does no damage.
The troll claws you! The wight hits you but does no damage.
You feel much better.
Your amulet attunes itself to your body.
You feel like doing cartwheels. You block the killer bee's attack.
The killer bee stings you. You block the killer bee's attack.
The wight hits you with a +3 great sword.
You block the wight's attack.
The killer bee stings you but does no damage.
The wight hits you but does no damage. The killer bee barely misses you.
The killer bee stings you.
You are more poisoned.
The killer bee poisons you! The wight hits you but does no damage.
The wight barely misses you. The troll barely misses you.
The troll claws you but does no damage. You block the troll's attack.
Your magical essence is drained by the effort!
You feel much better. The killer bee stings you.
You are more poisoned.
The killer bee poisons you! You block the killer bee's attack.
The killer bee stings you but does no damage.
The wight hits you with a +5 dire flail!
You feel drained.
The wight hits you with a +3 great sword.
You feel drained. You block the killer bee's attack.
The killer bee stings you but does no damage.
The wight hits you but does no damage.
The killer bee stings you but does no damage.
The wight hits you but does no damage. The troll bites you!
The troll claws you. x2; You block the wight's attack.
You slash the wight!
The wight is almost destroyed.
You hit the troll but do no damage. You hit the wight.
You hit the killer bee but do no damage.
You hit the wight but do no damage. You slash the wight!
You miss the killer bee. You closely miss the killer bee.
The killer bee barely misses you.
The killer bee stings you but does no damage.
You block the killer bee's attack. x2
The wight hits you with a +5 dire flail!
The killer bee stings you but does no damage.
The killer bee stings you.
The wight hits you with a +3 great sword!
You feel drained. The wight barely misses you. The troll bites you!
You block the troll's attack. The troll claws you but does no damage.
You block the wight's attack. The killer bee barely misses you.
The wight hits you with a +2 scimitar! The killer bee barely misses you.
You are too injured to fight recklessly!
You are too injured to fight recklessly!
You are too injured to fight recklessly!
You are too injured to fight recklessly!
You are too injured to fight recklessly!
You are too injured to fight recklessly!
You are too injured to fight recklessly!
You don't have enough innate magic capacity.
You don't have enough innate magic capacity.
You don't have enough innate magic capacity.
Okay, then.
Are you sure you want to abandon this character and quit the game? (Confirm with "yes".)

, ≈ ≈ ≈ ,
################
.................
, ,
.................
, ,
.................,
,
............<....
,
.................
,......yzTz.......
,,
......y@zT.......
......zzyy.......,
, , , ,
,.......y.........
,
....[...<........
,
................>
,
#################
,
#≈≈≈≈≈≈y≈≈≈≈≈≈≈≈≈
#≈≈≈≈≈≈≈≈≈≈≈≈≈≈≈≈
≈≈≈≈≈≈≈≈≈≈≈≈≈≈≈ ≈


You could see 2 trolls, 6 killer bees and 5 wights.

Vanquished Creatures
  A sky beast (D:5)
  Purgy (Sewer)
  A phantom (D:5)
  An ogre (D:4)
  A centaur (D:6)
  3 bullfrog zombies
  2 crimson imps
  3 hounds
  2 orc priests
  2 orc wizards
  7 worker ants
  2 adders (D:5)
  7 gnolls (D:5)
  An ooze (D:1)
  An adder zombie (D:6)
  2 worms
  A dart slug (D:4)
  3 leopard geckos
  19 orcs
  A giant cockroach (D:4)
  3 hobgoblins
  5 jackals
  6 kobolds
  2 ball pythons
  6 bats
  A frilled lizard (D:5)
  5 rats
89 creatures vanquished.

Notes
Turn   | Place    | Note
-------+----------+-------------------------------------------
     0 | D:1      | EnegeticOcto the Deep Dwarf Fighter began the quest for the
                  | Orb.
     0 | D:1      | Reached XP level 1. HP: 20/20 MP: 1/1
   121 | D:1      | Reached XP level 2. HP: 21/27 MP: 2/2
   188 | D:3      | Found a radiant altar of Vehumet.
   370 | D:4      | Reached skill level 1 in Dodging
   424 | D:4      | Reached XP level 3. HP: 33/34 MP: 3/3
   530 | D:4      | Found a runed translucent gate.
   530 | D:4      | Noticed Yorgos's ghost (amateur GrFi)
   531 | D:4      | Found a runed translucent gate.
   531 | D:4      | Found a runed translucent gate.
   643 | D:4      | Reached XP level 4. HP: 40/42 MP: 3/3
   755 | D:4      | Reached XP level 5. HP: 34/49 MP: 4/4
   758 | D:4      | Found an opulent altar of Gozag.
   817 | D:4      | Noticed an ogre
   830 | D:4      | Killed an ogre
   854 | D:4      | Reached XP level 6. HP: 32/57 MP: 4/4
   892 | D:4      | Found a staircase to the Ecumenical Temple.
  1232 | Temple   | Entered the Ecumenical Temple
  1280 | Temple   | Became a worshipper of Makhleb the Destroyer
  1323 | D:5      | Entered Level 5 of the Dungeon
  1385 | D:5      | Found a white marble altar of Elyvilon.
  1411 | D:5      | Got a jewelled ring mail
  1440 | D:5      | Identified the +0 ring mail of Gestures {rPois rF- rN+
                  | Int+2 Stlth+} (You found it on level 5 of the Dungeon)
  1488 | D:5      | Found a glowing drain.
  1512 | D:5      | Noticed a sky beast
  1565 | D:5      | Killed a sky beast
  1565 | D:5      | Reached skill level 1 in Invocations
  1578 | Sewer    | Entered a sewer
  1595 | Sewer    | Reached * piety under Makhleb
  1636 | Sewer    | Noticed Purgy
  1655 | Sewer    | Killed Purgy
  1655 | Sewer    | Reached XP level 7. HP: 60/66 MP: 5/5
  1757 | D:5      | Reached skill level 5 in Axes
  1846 | D:5      | Found a shadowy altar of Dithmenos.
  2039 | D:6      | Reached skill level 5 in Fighting
  2050 | D:6      | Reached XP level 8. HP: 51/74 MP: 6/6
  2063 | D:6      | Found a runed translucent door.
  2065 | D:6      | Found a shimmering altar of Xom.
  2065 | D:6      | Noticed Borgoz's ghost (novice GrGl)
  2066 | D:6      | Noticed a +1 flail of chaos
  2136 | D:6      | Reached skill level 5 in Shields
  2267 | D:6      | You fall into a shaft and drop 3 floors!
  2267 | D:9      | Noticed a troll
  2274 | D:9      | Noticed a troll
  2290 | D:9      | Quit the game

Levels and vault maps discovered:
D:1:      lemuel_arrival_tunnels, layout_rooms, minmay_unequal
D:2:      layout_basic, nicolae_overflow_crystal_walls
D:3:      layout_basic, minmay_overflow_temple_star_quad, vehumet_crystals,
          first_ration
D:4:      layout_loops_ring, nicolae_gozag_cash_rules_everything_around_me,
          minmay_temple_entry_hall, ebering_ghost_rock_garden,
          minmay_misc_feat_x, minmay_misc_feat_encased
D:5:      layout_rooms, nicolae_dithmenos_shadow_blocks, elyvilon_altar_5,
          cheibrodos_sewer_entry_sluice
D:6:      layout_gridville, ebering_ghost_xom
D:9:      layout_cross, serial_shops, shop
Temple:   cyrus_circular_temple

Skill      XL: |  1  2  3  4  5  6  7  8 |
---------------+-------------------------+-----
Fighting       | 3 4 5 |  5.3
Dodging        | 1 2 3 |  3.6
Axes           | 3 4 5 |  5.8
Armour         | 4 |  4.9
Shields        | 4 5 |  5.0
Invocations    | 1 2 3 |  3.0

Action                   |  1- 3 |  4- 6 |  7- 9 || total
-------------------------+-------+-------+-------++-------
Melee: War axe           |    93 |   203 |   101 ||   397
 Abil: Heal Wounds       |     3 |     6 |     9 ||    18
  Use: Scroll            |       |     6 |     7 ||    13
  Eat: Chunk             |       |     3 |     3 ||     6
Armor: Scale mail        |    64 |    29 |       ||    93
       Chain mail        |       |    82 |   106 ||   188
Dodge: Dodged            |    29 |    55 |    63 ||   147
Block: Kite shield       |    60 |   123 |    99 ||   282

Table legend:
 A = Non-vault XP
 B = Vault XP
 C = Vault XP percentage of total XP
 D = Non-vault monster count
 E = Vault monster count
 F = Vault count percentage of total count
                 A         B        C        D         E       F
            +---------+---------+-------+---------+---------+-------
      Total |    1495 |     143 |   8.7 |      81 |       8 |   9.0
            +---------+---------+-------+---------+---------+-------
        D:1 |      15 |       0 |   0.0 |       6 |       0 |   0.0
        D:2 |       1 |       0 |   0.0 |       1 |       0 |   0.0
        D:3 |      22 |       0 |   0.0 |      13 |       0 |   0.0
        D:4 |     379 |       0 |   0.0 |      22 |       0 |   0.0
        D:5 |     647 |       3 |   0.5 |      28 |       2 |   6.7
        D:6 |     382 |       0 |   0.0 |      10 |       0 |   0.0
        D:9 |      49 |       0 |   0.0 |       1 |       0 |   0.0
      Sewer |       0 |     140 | 100.0 |       0 |       6 | 100.0
            +---------+---------+-------+---------+---------+-------
